 Dungeon Crawl Stone Soup version 0.21.1-1-g345015f (webtiles) character file.

4762 johnjohn the Severer (level 10, -2/141 HPs)
             Began as a Hill Orc Fighter on May 14, 2018.
             Was a Believer of Yredelemnul.
             Slain by a scorpion (3 damage)
             ... on level 9 of the Dungeon.
             The game lasted 01:00:16 (8262 turns).

johnjohn the Severer (Hill Orc Fighter)             Turns: 8262, Time: 01:00:17

Health: -2/141     AC: 25    Str: 20    XL:     10   Next: 47%
Magic:  10/10      EV:  2    Int:  8    God:    Yredelemnul [**....]
Gold:   409        SH:  9    Dex: 13    Spells: 9/9 levels left

rFire    . . .     SeeInvis .   a - +1 war axe
rCold    . . .     Gourm    .   c - +0 shield
rNeg     + + +     Faith    .   (armour currently unavailable)
rPois    +         Spirit   .   (helmet currently unavailable)
rElec    .         Reflect  .   (cloak currently unavailable)
rCorr    .         Harm     .   (gloves currently unavailable)
MR       .....     NoTele   +   (boots currently unavailable)
Stlth    +.........             l - amulet of rage
HPRegen  0.33/turn              (no ring)
MPRegen  0.12/turn              (no ring)

@: lethally poisoned (-2 -> -4), tree-form, berserk cooldown, slowed, very slow
A: no striking features
a: Animate Remains, Recall Undead Slaves, Injury Mirror, Renounce Religion,
Evoke Berserk Rage


You were on level 9 of the Dungeon.
You worshipped Yredelemnul.
Yredelemnul was pleased with you.
You were not hungry.
You were a tree.
You visited 1 branch of the dungeon, and saw 9 of its levels.

You collected 409 gold pieces.

Inventory:

Hand Weapons
 a - a +1 war axe (weapon)
Armour
 b - a +0 plate armour (melded)
 c - a +0 shield (worn)
 j - a +0 pair of boots (melded)
 C - a +2 helmet (melded)
Jewellery
 k - an uncursed amulet of the gourmand
 l - an amulet of rage (around neck)
 H - a +1 ring of evasion {unknown}
Wands
 e - a wand of digging (15)
Scrolls
 g - a scroll of remove curse
 h - a scroll of blinking
 i - 5 scrolls of teleportation
 m - 8 scrolls of identify
 p - 2 scrolls of fear
 q - 5 scrolls of enchant weapon
 s - a scroll of random uselessness {unknown}
 y - a scroll of immolation {unknown}
 z - a scroll of vulnerability {unknown}
 D - a scroll of brand weapon {unknown}
 E - a scroll of holy word {unknown}
 F - a scroll of noise {unknown}
 I - a scroll of acquirement {unknown}
Potions
 d - 2 potions of might
 f - 2 potions of heal wounds {unknown}
 n - a potion of lignification
 o - a potion of brilliance {unknown}
 r - 2 potions of haste {unknown}
 t - 11 potions of degeneration
 v - a potion of agility {unknown}
 w - a potion of resistance {unknown}
 x - a potion of ambrosia {unknown}
 B - 2 potions of curing {unknown}
Books
 A - a book of Maledictions

   Spells                             Type                      Level
   a - Corona                         Hexes                        1
   b - Ensorcelled Hibernation        Hexes/Ice                    2
   c - Confuse                        Hexes                        3
   d - Tukima's Dance                 Hexes                        3
   e - Dazzling Spray                 Conjuration/Hexes            3
 G - a book of Battle

   Spells                             Type                      Level
   a - Infusion                       Charms                       1
   b - Shroud of Golubria             Charms/Translocation         2
   c - Song of Slaying                Charms                       2
   d - Spectral Weapon                Hexes/Charms                 3
   e - Regeneration                   Charms/Necromancy            3
Comestibles
 u - 15 rations


   Skills:
 + Level 10.9 Fighting
 * Level 15.3 Axes
 - Level 3.2 Armour
 - Level 3.2 Shields


You had 9 spell levels left.
You didn't know any spells.

Dungeon Overview and Level Annotations

Branches:
Dungeon (9/15)
 Temple: D:4-7         Lair: D:8-11         Orc: D:9-12

Altars:
Cheibriados
Dithmenos
Gozag
Hepliaklqana
Kikubaaqudgha
Makhleb
Ru
Sif Muna
Uskayaw
Xom
Yredelemnul
Zin
The Shining One


Message History

Your +0 pair of boots melds into your body.
Your +0 plate armour melds into your body.
Your roots penetrate the ground.
* * * LOW HITPOINT WARNING * * *
You feel sick.
The scorpion stings you but does no damage.
* * * LOW HITPOINT WARNING * * *
You feel sick.
The scorpion stings you but does no damage. x2
* * * LOW HITPOINT WARNING * * *
You feel sick. You block the scorpion's attack.
* * * LOW HITPOINT WARNING * * *
You feel sick.
The scorpion stings you but does no damage.
The scorpion stings you.
* * * LOW HITPOINT WARNING * * *
* * * LOW HITPOINT WARNING * * *
You feel sick. The scorpion stings you.
You die...
Your body rises from the dead as a mindless zombie.

#'###.#...........###+####
......#...................
......#.......#######.....
......##......# ...
##+#...#......# .
...#...#......#
...#...#####..##
...#.......#...######...
...#.......#...)♣s......
'###.......###.###......
..........##..... .....
..........#.8...8 ....
.........Z#...... ...
.............._... ..
......###'#....... .
......#...#.8...8
......#...##.....


You could see a scorpion.

Vanquished Creatures
  Erica (D:9)
  A two-headed ogre (D:8)
  The ghost of bmj180 the Archer, a novice CeHu of Okawaru (D:5)
  A troll (D:9)
  Sigmund (D:3)
  A wyvern (D:9)
  Eustachio (D:4)
  2 orc warriors
  An ice beast (D:6)
  A phantom (D:6)
  A hornet zombie (D:7)
  3 ogres
  A centaur (D:8)
  A big kobold (D:9)
  A bullfrog (D:8)
  A scorpion (D:5)
  A water moccasin skeleton (D:8)
  8 wights
  2 crimson imps
  5 hounds
  A bullfrog zombie (D:6)
  3 jellies (D:8)
  3 orc wizards
  A bullfrog skeleton (D:7)
  7 worker ants
  An iguana (D:6)
  A killer bee zombie (D:8)
  19 gnolls
  3 adders
  2 shadow imps
  4 oozes (D:8)
  An adder zombie (D:5)
  2 worms
  2 dart slugs (D:1)
  2 leopard geckos (D:8)
  9 orcs
  2 giant cockroaches (D:3)
  12 goblins
  10 hobgoblins
  15 jackals
  2 quokkas
  5 bats
  2 frilled lizards
  A goblin skeleton (D:4)
  2 goblin zombies (D:4)
  2 hobgoblin zombies (D:4)
  A jackal skeleton (D:4)
  10 kobolds
  2 kobold zombies (D:4)
  An orc skeleton (D:4)
  2 orc zombies
  A quokka zombie (D:5)
  7 rats
173 creatures vanquished.

Vanquished Creatures (collateral kills)
  A steam dragon (D:9)
  A crimson imp (D:8)
  An orc wizard (D:9)
  4 gnolls (D:8)
  An ooze (D:8)
  An orc (D:9)
  A goblin (D:8)
  A ball python (D:7)
  A fungus (D:8)
12 creatures vanquished.

Vanquished Creatures (others)
  A wyvern zombie (D:9)
  An adder skeleton (D:9)
  A jackal skeleton (D:6)
  A jackal zombie (D:8)
  A kobold zombie (D:9)
5 creatures vanquished.

Grand Total: 190 creatures vanquished

Notes
Turn   | Place    | Note
-------+----------+-------------------------------------------
     0 | D:1      | johnjohn the Hill Orc Fighter began the quest for the Orb.
     0 | D:1      | Reached XP level 1. HP: 19/19 MP: 1/1
    59 | D:1      | Reached skill level 3 in Axes
   137 | D:1      | Reached XP level 2. HP: 27/27 MP: 2/2
   347 | D:1      | Reached skill level 4 in Axes
   347 | D:1      | Reached XP level 3. HP: 28/33 MP: 3/3
  1133 | D:3      | Found a basalt altar of Yredelemnul.
  1185 | D:3      | Reached XP level 4. HP: 41/41 MP: 4/4
  1328 | D:3      | Found a deep blue altar of Sif Muna.
  1364 | D:3      | Noticed Sigmund
  1399 | D:3      | Killed Sigmund
  1399 | D:3      | Reached skill level 5 in Fighting
  1399 | D:3      | Reached skill level 6 in Axes
  1399 | D:3      | Reached XP level 5. HP: 15/48 MP: 5/5
  1755 | D:3      | Found a shimmering altar of Xom.
  1907 | D:3      | Found an ancient bone altar of Kikubaaqudgha.
  2039 | D:3      | Became a worshipper of Yredelemnul the Dark
  2088 | D:4      | Noticed an ogre
  2090 | D:4      | Reached XP level 6. HP: 50/56 MP: 6/6
  2207 | D:3      | Reached skill level 7 in Axes
  2545 | D:4      | Noticed a dagger
  2546 | D:4      | Noticed an enchanted dagger
  2549 | D:4      | Found a hide-covered altar of Uskayaw.
  2837 | D:4      | Noticed Eustachio
  2847 | D:4      | Killed Eustachio
  2847 | D:4      | Reached skill level 8 in Axes
  2847 | D:4      | Reached XP level 7. HP: 63/63 MP: 7/7
  2935 | D:4      | Found a glowing golden altar of the Shining One.
  3105 | D:4      | Reached skill level 9 in Axes
  3466 | D:5      | Entered Level 5 of the Dungeon
  3466 | D:5      | Noticed bmj180's ghost (novice CeHu)
  3568 | D:5      | Reached * piety under Yredelemnul
  4034 | D:5      | Killed bmj180's ghost
  4034 | D:5      | Reached skill level 10 in Axes
  4034 | D:5      | Reached XP level 8. HP: 38/74 MP: 8/8
  4527 | D:6      | Reached skill level 11 in Axes
  5313 | D:7      | Reached skill level 12 in Axes
  5313 | D:7      | Reached XP level 9. HP: 59/82 MP: 9/9
  5739 | D:7      | Found a snail-covered altar of Cheibriados.
  6087 | D:7      | You fall through a shaft!
  6102 | D:8      | Noticed a two-headed ogre
  6133 | D:8      | Killed a two-headed ogre
  6133 | D:8      | Reached skill level 13 in Axes
  6353 | D:8      | Found a flagged portal.
  6404 | D:8      | Reached ** piety under Yredelemnul
  6472 | D:8      | Found a sacrificial altar of Ru.
  6587 | D:8      | Found a burning altar of Makhleb.
  6655 | D:8      | Found a glowing silver altar of Zin.
  6681 | D:8      | Reached skill level 10 in Fighting
  6819 | D:8      | Reached skill level 14 in Axes
  7081 | D:8      | Found a shadowy altar of Dithmenos.
  7317 | D:9      | Reached XP level 10. HP: 87/93 MP: 10/10
  7359 | D:9      | Found an ancient bone altar of Kikubaaqudgha.
  7807 | D:9      | Found an opulent altar of Gozag.
  7924 | D:9      | Found a hazy altar of Hepliaklqana.
  8232 | D:9      | Noticed Erica
  8252 | D:9      | Killed Erica
  8252 | D:9      | Reached skill level 15 in Axes
  8257 | D:9      | HP: 4/94 [poisoned by Erica (bolt of poison)]
  8261 | D:9      | HP: 1/141 [scorpion (1)]
  8262 | D:9      | Slain by a scorpion

Skill      XL: |  1  2  3  4  5  6  7  8  9 10 |
---------------+-------------------------------+-----
Axes           | 3 4 6 8 10 12 14 15 | 15.3
Fighting       | 4 5 6 7 8 10 | 10.9
Armour         | |  3.2
Shields        | |  3.2

Action                   |  1- 3 |  4- 6 |  7- 9 | 10-12 || total
-------------------------+-------+-------+-------+-------++-------
Melee: War axe           |   112 |    89 |   325 |    84 ||   610
Invok: Animate Remains   |       |       |     6 |     4 ||    10
       Injury Mirror     |       |       |       |     1 ||     1
 Abil: Evoke Berserk Rag |       |     3 |     2 |     1 ||     6
  Use: Scroll            |     1 |     1 |     7 |     1 ||    10
       Potion            |       |       |       |     1 ||     1
  Eat: Chunk             |       |     6 |    30 |       ||    36
       Ration            |       |     1 |       |       ||     1
Armor: Scale mail        |    45 |    43 |    47 |       ||   135
       Plate armour      |       |       |    93 |    43 ||   136
       Skin              |       |       |       |     4 ||     4
Dodge: Dodged            |    26 |    40 |    41 |     4 ||   111
Block: Shield            |    55 |    53 |   119 |    31 ||   258
